 Dungeon Crawl Stone Soup version 0.29.1-12-g30fa7ad0bf (webtiles) character file.

Game seed: 18099033726945095409

302203 DildoBatman the Earth Mage (level 21, -30/159 HPs)
             Began as a Formicid Conjurer on Dec 27, 2022.
             Was an Initiate of Gozag.
             Killed from afar by an ironbound thunderhulk (38 damage)
             ... with a bolt of lightning
             ... on level 2 of the Vaults.
             The game lasted 02:18:49 (36169 turns).

DildoBatman the Earth Mage (Formicid Conjurer)     Turns: 36169, Time: 02:18:49

Health: -30/159    AC: 26    Str: 14    XL:     21   Next: 97%
Magic:  11/40      EV: 28    Int: 29    God:    Gozag
Gold:   11717      SH: 29    Dex: 21    Spells: 33/50 levels left

rFire   + . .      SeeInvis +   a - +8 mace of Moral Flaws {drain, rF+ Will+ Str+2}
rCold   . . .      Faith    .   T - +3 tower shield {AC+3}
rNeg    + . .      Spirit   .   o - +4 troll leather armour {Pargi}
rPois   +          Reflect  +   (helmet unavailable)
rElec   .          Harm     .   U - +1 cloak of Brilliance {rPois rN+ Dex+9}
rCorr   .          Rampage  ∞   R - +1 pair of gloves {Stlth+}
Will    +++..                   l - +3 pair of seven-league boots {Rampage+∞}
Stlth   +++.......              g - amulet of reflection
HPRegen 1.96/turn               A - +4 ring of evasion
MPRegen 0.27/turn               s - +4 ring of protection

@: gold aura
A: permanent stasis, dig shafts and tunnels, antennae 3, four strong arms,
regeneration 1, wild magic 1, MP-powered wands
}: 2/15 runes: serpentine, barnacled
a: Dig, Shaft Self, Renounce Religion, Potion Petition, Call Merchant, Bribe
Branch


You were on level 2 of the Vaults.
You worshipped Gozag.
Gozag was extremely pleased with you.
You visited 7 branches of the dungeon, and saw 33 of its levels.
You also visited: Sewer, Gauntlet and Ice Cave.

You collected 13760 gold pieces.
You spent 1509 gold pieces at shops.
You paid 534 gold pieces to Gozag.

Inventory:

Hand Weapons
 a - the +8 mace of Moral Flaws (weapon) {drain, rF+ Will+ Str+2}
   (You found it on level 4 of the Snake Pit)

   A truly terrible weapon, it drains the life of any living foe it strikes.
   Str:       It affects your strength (+2).
   rF:        It protects you from fire.
   Will:      It increases your willpower.
 b - a +2 arbalest of flaming
 d - the +7 whip "Faahilo" {vorpal, rElec rF+}
   (You took it off a merfolk on level 4 of the Shoals)

   It inflicts extra damage upon your enemies.
   rF:        It protects you from fire.
   rElec:     It insulates you from electricity.
 f - the +11 quarterstaff of the Special Tusks {pain, Dex+3}
   (You found it on level 11 of the Dungeon)

   In the hands of one skilled in necromantic magic, it inflicts extra damage on
   living creatures.
   Dex:       It affects your dexterity (+3).
Missiles
 h - 6 throwing nets
 i - 18 javelins
 C - 6 silver javelins
Armour
 l - the +3 pair of seven-league boots (worn) {Rampage+∞}
   (You found it in a Gauntlet)

   Its wearer moves as far as possible in that direction when moving towards
   enemies.
 o - a +4 troll leather armour (worn) {Pargi}
 E - the +1 pair of boots "Icliphiyf" {rC+ Will+}
   (You found it on level 3 of the Lair of Beasts)

   rC:        It protects you from cold.
   Will:      It increases your willpower.
 R - a +1 pair of gloves of stealth (worn)
 T - a +3 tower shield of protection (worn)
 U - the +1 cloak of Brilliance (worn) {rPois rN+ Dex+9}
   (You bought it in a shop on level 8 of the Dungeon)

   Dex:       It affects your dexterity (+9).
   rPois:     It protects you from poison.
   rN:        It protects you from negative energy.
Jewellery
 g - an amulet of reflection (around neck)
 s - a +4 ring of protection (right hand)
 v - the ring "Nuocvur" {rElec rPois rCorr Slay-4 SInv}
   (You took it off a centaur warrior on level 9 of the Dungeon)

   [ring of resist corrosion]

   Slay:      It affects your accuracy & damage with ranged weapons and melee
   (-4).
   rElec:     It insulates you from electricity.
   rPois:     It protects you from poison.
   SInv:      It lets you see invisible.
   rCorr:     It protects you from acid and corrosion.
 A - a +4 ring of evasion (left hand)
 L - a ring of protection from fire
 X - the ring "Tiet" {rElec rF- Will+ AC+4 Dex+2}
   (You found it on level 4 of the Snake Pit)

   [ring of protection]

   AC:        It affects your AC (+4).
   Dex:       It affects your dexterity (+2).
   rF:        It makes you vulnerable to fire.
   rElec:     It insulates you from electricity.
   Will:      It increases your willpower.
 Z - a ring of flight
Wands
 y - a wand of quicksilver (9)
 B - a wand of roots (56)
 Q - a wand of digging (4)
Scrolls
 c - 3 scrolls of torment
 e - a scroll of acquirement
 k - 7 scrolls of fear
 p - 2 scrolls of amnesia
 q - 9 scrolls of fog
 r - 7 scrolls of enchant weapon
 t - a scroll of silence
 z - 8 scrolls of identify
 I - a scroll of summoning
 J - a scroll of magic mapping
 M - 8 scrolls of poison
 N - 2 scrolls of brand weapon
 P - 11 scrolls of immolation
Potions
 m - 9 potions of brilliance
 n - 5 potions of heal wounds
 u - 6 potions of magic
 w - 9 potions of invisibility
 x - 4 potions of ambrosia
 D - 5 potions of mutation
 F - 16 potions of curing
 G - 4 potions of might
 H - 4 potions of cancellation
 O - 2 potions of resistance
Miscellaneous
 K - a condenser vane
 S - a lightning rod (4/4)


   Skills:
 - Level 12.0 Fighting
 - Level 12.0 Armour
 - Level 18.3 Dodging
 - Level 2.4 Stealth
 - Level 15.0 Shields
 - Level 15.0 Spellcasting
 - Level 6.0 Conjurations
 * Level 18.0 Necromancy
 * Level 20.0 Earth Magic


You had 33 spell levels left.
You knew the following spells:

 Your Spells              Type           Power      Damage    Failure   Level
a - Borgnjor's Vile Clut  Necr/Erth      53%        N/A       1%          5
b - Stone Arrow           Conj/Erth      100%       3d13      1%          3
d - Vampiric Draining     Necr           100%       2d13      1%          3
h - Dispel Undead         Necr           100%       3d31      1%          4
z - Sublimation of Blood  Necr           100%       N/A       1%          2

Your spell library contained the following spells:

 Spells                   Type           Power      Damage    Failure   Level
 Magic Dart               Conj           100%       1d8       1%          1
 Necrotise                Necr           100%       1d9       1%          1
 Sandblast                Erth           100%       2d20      1%          1
 Passwall                 Tmut/Erth      66%        N/A       1%          2
 Searing Ray              Conj           100%       2d8       1%          2
 Agony                    Necr           100%       N/A       1%          5
 Death Channel            Necr           52%        N/A       1%          6
 Foxfire                  Conj/Fire      100%       2x1d9     3%          1
 Conjure Flame            Conj/Fire      50%        6-21      10%         3
 Dazzling Flash           Conj/Hex       100%       N/A       10%         3
 Apportation              Tloc           56%        N/A       11%         1
 Beastly Appendage        Tmut           56%        N/A       11%         1
 Slow                     Hex            100%       N/A       11%         1
 Sting                    Tmut/Pois      100%       1d8       11%         1
 Summon Small Mammal      Summ           100%       N/A       11%         1
 Poisonous Vapours        Pois/Air       56%        N/A       16%         2
 Wereblood                Tmut           28%        N/A       16%         2
 Flame Wave               Conj/Fire      50%        2d12      28%         4
 Fulminant Prism          Conj/Hex       25%        3d14      28%         4
 Iskenderun's Mystic Bla  Conj/Tloc      50%        2d11      28%         4
 Sticky Flame             Conj/Fire      50%        2d7       28%         4
 Confusing Touch          Hex            28%        N/A       30%         3
 Frozen Ramparts          Ice            56%        1d9       30%         3
 Gell's Gravitas          Tloc           28%        N/A       30%         3
 Ignite Poison            Fire/Tmut/Pois 28%        N/A       30%         3
 Inner Flame              Hex/Fire       28%        N/A       30%         3
 Lesser Beckoning         Tloc           28%        N/A       30%         3
 Ozocubu's Armour         Ice            28%        N/A       30%         3
 Spider Form              Tmut/Pois      28%        N/A       30%         3
 Summon Guardian Golem    Hex/Summ       28%        N/A       30%         3
 Teleport Other           Tloc           28%        N/A       30%         3
 Borgnjor's Revivificati  Necr           52%        N/A       36%         8
 Infestation              Necr           52%        N/A       36%         8
 Ice Form                 Ice/Tmut       28%        N/A       65%         4
 Summon Ice Beast         Ice/Summ       28%        N/A       65%         4
 Summon Lightning Spire   Summ/Air       28%        N/A       65%         4
 Haunt                    Necr/Summ      38%        N/A       88%         7
 Manifold Assault         Tloc           28%        N/A       93%         5
 Summon Mana Viper        Hex/Summ       28%        N/A       93%         5
 Starburst                Conj/Fire      25%        6d8       98%         6
 Orb of Destruction       Conj           32%        9d10      99%         7
 Death's Door             Necr           52%        N/A       99%         9
 Dispersal                Tloc           14%        N/A       100%        6
 Monstrous Menagerie      Summ           14%        N/A       100%        7
 Ozocubu's Refrigeration  Ice            14%        4d10      100%        7
 Spellforged Servitor     Conj/Summ      25%        N/A       100%        7
 Storm Form               Tmut/Air       14%        N/A       100%        7
 Summon Hydra             Summ           14%        N/A       100%        7
 Maxwell's Capacitive Co  Air            14%        ∞         100%        8
 Necromutation            Tmut/Necr      38%        N/A       100%        8
 Animate Dead             Necr           Unusable   N/A       N/A         4
 Corpse Rot               Necr/Pois/Air  Unusable   N/A       N/A         4
 Blink                    Tloc           Unusable   N/A       N/A         2
 Simulacrum               Ice/Necr       Unusable   N/A       N/A         6

Dungeon Overview and Level Annotations

Branches:
Dungeon (15/15)            Temple (1/1) D:7            Lair (5/5) D:11
 Shoals (4/4) Lair:3        Snake (4/4) Lair:2        Slime (0/5) Lair:4
    Orc (2/2) D:10            Elf (0/3) Orc:2        Vaults (2/5) D:13
 Depths (0/4) D:15          Sewer (visited)           IceCv (visited)
Gauntlet (visited)
  Crypt: Vaults:2-3

Altars:
Ashenzari
Cheibriados
Dithmenos
Elyvilon
Fedhas
Gozag
Hepliaklqana
Kikubaaqudgha
Makhleb
Nemelex Xobeh
Okawaru
Qazlal
Ru
Sif Muna
Trog
Uskayaw
Vehumet
Wu Jian
Xom
Yredelemnul
Zin
The Shining One
Jiyva
Lugonu

Shops:
D:8 ?([   D:9 [   D:10 :   Orc:2 *[:(   Snake:2 =*

Portals:
Abyss: D:4 Shoals:1


Innate Abilities, Weirdness & Mutations

You cannot be hasted, slowed, berserked, paralysed or teleported.
You can dig through walls and to a lower floor.
You have a pair of large antennae on your head. (SInv)
Your four strong arms can wield two-handed weapons with a shield.
Your natural rate of healing is unusually fast.
Your spells are a little harder to cast, but a little more powerful.
You expend magic power (3 MP) to strengthen your wands.


Message History

You drain the great orb of eyes.
The great orb of eyes is no longer distracted by gold.
The great orb of eyes is severely wounded.
The zombie hands constrict the ironbound frostheart!
The zombie hands constrict the great orb of eyes!!
Strange energies crackle from the ironbound thunderhulk's apparatus.
The ironbound thunderhulk blinks!
The great orb of eyes gazes at you. You resist with almost no effort.
The ironbound frostheart calls freezing cold from the walls.
The frost grips you!
You are encased in ice.
Electricity crackles from the ironbound thunderhulk's apparatus.
The bolt of lightning hits you!!!
The ironbound frostheart calls freezing cold from the walls.
The frost grips you!!
You block the great orb of eyes's attack.
You hit the great orb of eyes but do no damage.
The great orb of eyes is almost dead.
The zombie hands constrict the ironbound frostheart!!
You kill the ironbound frostheart!
The zombie hands constrict the great orb of eyes!!
You kill the great orb of eyes!
An ironbound convoker comes into view. It is wielding a +0 morningstar.
Electricity crackles from the ironbound thunderhulk's apparatus.
The bolt of lightning misses you.
Your Earth Magic skill increases to level 20!
Electricity crackles from the ironbound thunderhulk's apparatus.
The bolt of lightning misses you.
Electricity crackles from the ironbound thunderhulk's apparatus.
The bolt of lightning hits you!!!
The ironbound convoker is distracted by your dazzling golden aura.
You open the door. The ice encasing you melts away.
Strange energies crackle from the ironbound thunderhulk's apparatus.
The ironbound thunderhulk blinks!
Electricity crackles from the ironbound thunderhulk's apparatus.
The bolt of lightning hits you!!!
You die...
Your body crumbles into a pile of gold.

##.##....)##.###
#.....#[#.....# #§.....#
#..####.####..# #.p....#
####.......#### #...O..#
#######+######......#
#........#......#
########........#.$....#
.......#........#$$....#
.......#........@.$$...#
.).....'........####++##
.......'........#
.......#........#
##.....#........#
#.....#........#
#.....#........#
#.....+........#
#.....#####+###


You could see an ironbound thunderhulk (strong) and an ironbound convoker
(unaware).

Vanquished Creatures
  Zenata (Vaults:1)
  A tentacled monstrosity (D:13)
  2 sphinxes
  2 krakens
  Kirke (D:12)
  Donald (Shoals:4)
  The ghost of Voland the Convoker, an adept TeHW of Sif Muna (Snake:4)
  7 nagarajas
  4 vault wardens
  An orc warlord (Orc:2)
  2 frost giants (IceCv)
  A balrug (Gauntlet)
  6 ironbound preservers
  2 ironbound thunderhulks
  A very ugly thing (D:13)
  10 dire elephants (Vaults:1)
  A white draconian (IceCv)
  A minotaur (Gauntlet)
  An ettin (Orc:1)
  4 merfolk javelineers (Shoals:4)
  5 merfolk impalers (Shoals:4)
  4 great orbs of eyes
  10 hydras
  5 ice dragons
  4 yaktaur captains (Vaults:1)
  7 vault guards
  Erolcha (D:11)
  2 ogre magi (D:15)
  2 catoblepae (Lair:5)
  23 naga warriors
  5 boulder beetles
  3 salamander tyrants (Snake:4)
  7 satyrs
  3 alligator snapping turtles (Shoals:4)
  5 merfolk avatars
  16 two-headed ogres
  14 ironbound frosthearts
  A deep troll shaman (Lair:5)
  5 merfolk aquamancers
  A tengu warrior (D:9)
  7 anacondas
  A death knight (D:14)
  12 centaur warriors
  3 orc high priests (Orc:2)
  8 death yaks
  8 shock serpents
  26 naga sharpshooters
  A thrashing horror (Shoals:1)
  13 sea snakes
  5 salamander mystics
  4 skeletal warriors
  Lodul (D:12)
  8 naga ritualists
  An orange crystal statue (IceCv)
  13 deep trolls
  A lindwurm (Lair:5)
  2 necromancers
  6 wizards
  26 harpies
  4 deep elf pyromancers
  3 ironbound convokers
  2 wolf spider zombies
  4 orc knights
  22 ugly things
  An oklob plant (Lair:2)
  16 fauns
  A phantasmal warrior (D:14)
  7 orc sorcerers
  17 mana vipers
  12 salamanders
  A worldbinder (Gauntlet)
  9 elephants
  18 manticores
  6 cyclopes
  7 merfolk sirens
  Maurice (D:9)
  2 apocalypse crabs (Shoals:1)
  44 black mambas
  5 guardian serpents
  7 vault sentinels
  3 centaur zombies
  A torpor snail (Lair:2)
  4 water nymphs
  17 cane toads
  28 naga magi
  3 gargoyles
  2 centaur skeletons (D:15)
  9 komodo dragons
  3 kobold demonologists
  7 rime drakes
  An efreet (D:11)
  15 yaktaurs
  2 demonic crawlers (D:13)
  3 freezing wraiths (D:14)
  3 trolls
  A tengu conjurer (D:14)
  A meliai (shapeshifter) (D:13)
  An ancient zyme (D:4)
  33 merfolk
  15 polar bears
  A meliai (D:9)
  A wolf spider simulacrum (D:15)
  2 hornets (shapeshifter)
  A slime creature (Vaults:1)
  6 wind drakes
  20 blink frogs
  8 dream sheep
  A meliai zombie (D:10)
  12 snapping turtles
  6 shadows
  8 wyverns
  A centaur simulacrum (D:15)
  4 vampires
  14 water elementals
  8 wraiths
  60 yaks
  The ghost of Toxa551 the Chopper, an amateur HOFi (D:4)
  4 hogs (D:13)
  10 humans (D:13)
  2 neqoxecs
  3 basilisks
  3 steam dragons
  4 vampire mosquitoes
  A wind drake zombie (Shoals:1)
  2 chaos spawn (D:13)
  2 spatial vortices (Shoals:1)
  2 wargs
  A large abomination (D:13)
  Edmund (D:5)
  2 acid dragons
  A hell hound (Gauntlet)
  17 water moccasins
  63 nagas
  Pargi (Sewer)
  31 orc warriors
  A sky beast (D:7)
  7 black bears
  21 ogres
  5 wolves (Lair:5)
  2 boggarts
  10 centaurs
  Blork the orc (D:5)
  10 kobold brigands
  11 bullfrogs
  2 gnoll sergeants
  9 scorpions
  12 wights
  10 killer bees
  3 electric eels
  6 howler monkeys
  A hound (D:6)
  5 jellies
  26 orc priests
  An iron imp (D:4)
  7 small abominations
  4 gnoll boudas
  Ijyb (D:2)
  Natasha (thrice) (D:2)
  7 hell rats (Lair:3)
  28 orc wizards
  A boggart skeleton (D:14)
  Robin (D:3)
  A howler monkey zombie (D:10)
  24 gnolls
  9 adders
  2 river rats (D:6)
  A shadow imp (D:7)
  2 white imps
  2 ufetubi
  3 worms
  2 dart slugs
  86 orcs
  9 ball pythons
  11 endoplasms
  2 giant cockroaches
  12 hobgoblins
  7 jackals
  4 quokkas
  10 bats
  10 frilled lizards
  16 goblins
  30 kobolds
  9 rats
  7 tentacles
1418 creatures vanquished.

Vanquished Creatures (others)
  A harpy (Shoals:3)
  A manticore (Shoals:4)
  A guardian serpent (Snake:3)
  A human (D:13)
  An ufetubus (D:6)
  A demonic plant (Gauntlet)
  78 fungi
  306 plants
  39 tentacles
  3 withered plants (D:10)
432 creatures vanquished.

Grand Total: 1850 creatures vanquished

Notes
Turn   | Place    | Note
-------+----------+-------------------------------------------
     0 | D:1      | DildoBatman the Formicid Conjurer began the quest for the
                  | Orb.
     0 | D:1      | Reached XP level 1. HP: 13/13 MP: 3/3
   247 | D:1      | Reached XP level 2. HP: 20/20 MP: 1/5
   250 | D:1      | Learned a level 2 spell: Searing Ray
   608 | D:1      | Reached skill level 1 in Armour
   618 | D:1      | Reached skill level 1 in Fighting
   618 | D:1      | Reached XP level 3. HP: 26/26 MP: 3/6
   889 | D:1      | Found a faded altar of an unknown god.
  1250 | D:2      | Reached XP level 4. HP: 32/32 MP: 4/8
  1493 | D:2      | Noticed Natasha
  2213 | D:3      | Reached XP level 5. HP: 33/38 MP: 5/9
  2775 | D:3      | Noticed Ijyb
  2850 | D:2      | You fall into a shaft and drop 1 floor!
  2909 | D:3      | Reached XP level 6. HP: 46/46 MP: 7/11
  3440 | D:3      | Noticed Robin
  3453 | D:3      | Killed Robin
  4199 | D:4      | Found a transporter.
  4199 | D:4      | Found a transporter.
  4691 | D:4      | Found an iron altar of Okawaru.
  4781 | D:5      | Entered Level 5 of the Dungeon
  4986 | D:5      | Reached skill level 5 in Conjurations
  4986 | D:5      | Reached XP level 7. HP: 31/52 MP: 4/13
  5141 | D:5      | Noticed Blork the orc
  5385 | D:5      | Learned a level 3 spell: Stone Arrow
  5638 | D:5      | Noticed Edmund
  5972 | D:5      | Reached skill level 5 in Spellcasting
  5972 | D:5      | Reached skill level 1 in Earth Magic
  6155 | D:6      | Reached skill level 2 in Earth Magic
  6155 | D:6      | Reached XP level 8. HP: 58/58 MP: 2/15
  6303 | D:6      | Reached skill level 3 in Earth Magic
  6319 | D:6      | Reached skill level 4 in Earth Magic
  6412 | D:6      | Found a burning altar of Makhleb.
  6467 | D:6      | Learned a level 3 spell: Vampiric Draining
  6568 | D:6      | Found a glowing drain.
  6575 | Sewer    | Entered a sewer
  6637 | Sewer    | Noticed Pargi
  6643 | Sewer    | Killed Pargi
  6867 | D:6      | Reached skill level 5 in Earth Magic
  7046 | D:6      | Reached XP level 9. HP: 61/63 MP: 13/19
  7105 | D:7      | Reached skill level 6 in Earth Magic
  7304 | D:7      | Reached skill level 7 in Earth Magic
  7345 | D:7      | Reached skill level 8 in Earth Magic
  7521 | D:7      | Found a staircase to the Ecumenical Temple.
  7527 | Temple   | Entered the Ecumenical Temple
  7796 | Temple   | Became a worshipper of Kikubaaqudgha
  7908 | D:5      | Killed Edmund
  7909 | D:5      | Reached skill level 9 in Earth Magic
  8114 | D:2      | Killed Natasha
  8324 | D:2      | Noticed Natasha
  8330 | D:2      | Killed Natasha
  8430 | D:2      | Killed Ijyb
  8449 | D:2      | Noticed Natasha
  8456 | D:2      | Killed Natasha
  8529 | D:4      | Found a one-way gate to the infinite horrors of the Abyss.
  8529 | D:4      | Noticed Toxa551's ghost (amateur HOFi)
  8529 | D:4      | Noticed an ancient zyme
  8733 | D:5      | Killed Blork the orc
  8734 | D:5      | Reached skill level 1 in Necromancy
  8873 | D:7      | Reached XP level 10. HP: 53/70 MP: 3/20
  9000 | D:7      | You fall into a shaft and drop 2 floors!
  9081 | D:7      | Found a shimmering altar of Xom.
  9104 | D:7      | Reached * piety under Kikubaaqudgha
  9104 | D:7      | Received a gift from Kikubaaqudgha
  9108 | D:7      | Learned a level 2 spell: Sublimation of Blood
  9285 | D:8      | Reached skill level 5 in Fighting
  9285 | D:8      | Reached skill level 5 in Armour
  9312 | D:8      | Found Cipoxt Igre's Weapon Shop.
  9347 | D:8      | Reached skill level 5 in Necromancy
  9348 | D:8      | Found Irraa's Antique Armour Emporium.
  9513 | D:8      | Found Haemp's Magic Scroll Shop.
  9597 | D:8      | Bought a scroll of identify for 26 gold pieces
  9597 | D:8      | Bought a scroll of magic mapping for 97 gold pieces
  9597 | D:8      | Bought a scroll of immolation for 52 gold pieces
  9881 | D:9      | Reached ** piety under Kikubaaqudgha
  9963 | D:9      | Noticed Maurice
  9969 | D:9      | Killed Maurice
 10030 | D:9      | Reached XP level 11. HP: 61/79 MP: 13/21
 10296 | D:9      | Reached skill level 1 in Shields
 10360 | D:9      | Noticed an eight-headed hydra
 10580 | D:9      | Found a white marble altar of Elyvilon.
 10584 | D:9      | Found a snail-covered altar of Cheibriados.
 10589 | D:9      | Found an opulent altar of Gozag.
 10617 | D:9      | Learned a level 4 spell: Dispel Undead
 10676 | D:9      | Reached skill level 5 in Shields
 10769 | D:9      | Noticed a centaur warrior
 10775 | D:9      | Killed a centaur warrior
 10780 | D:9      | Gained mutation: Your spells are a little harder to cast,
                  | but a little more powerful. [potion of mutation]
 10780 | D:9      | Gained mutation: You are weak. (Str -2) [potion of
                  | mutation]
 10780 | D:9      | Gained mutation: Armour fits poorly on your strangely
                  | shaped body. [potion of mutation]
 10781 | D:9      | Lost mutation: You are weak. (Str -2) [potion of mutation]
 10781 | D:9      | Lost mutation: Armour fits poorly on your strangely shaped
                  | body. [potion of mutation]
 10781 | D:9      | Gained mutation: Your flesh is cold resistant. (rC+)
                  | [potion of mutation]
 10781 | D:9      | Gained mutation: You occasionally shout uncontrollably at
                  | your foes. [potion of mutation]
 10781 | D:9      | Gained mutation: Your system is resistant to poisons.
                  | (rPois) [potion of mutation]
 10781 | D:9      | Gained mutation: You are partially covered in iridescent
                  | scales. (AC +2) [potion of mutation]
 10810 | D:9      | Reached *** piety under Kikubaaqudgha
 10810 | D:9      | Received a gift from Kikubaaqudgha
 10815 | D:9      | Noticed a two-headed ogre
 10818 | D:9      | Noticed a four-headed hydra
 10847 | D:9      | Killed a two-headed ogre
 10854 | D:9      | Learned a level 5 spell: Borgnjor's Vile Clutch
 10890 | D:9      | Found Cuos's Superior Scales.
 10931 | D:9      | Noticed a two-headed ogre
 10934 | D:9      | Killed a two-headed ogre
 11030 | D:9      | Noticed a tengu warrior
 11046 | D:9      | Killed a tengu warrior
 11073 | D:9      | Identified the ring "Nuocvur" {rElec rPois rCorr Slay-4
                  | SInv}
 11073 | D:9      | Noticed a centaur warrior
 11077 | D:9      | Killed a centaur warrior
 11156 | D:9      | Reached XP level 12. HP: 68/86 MP: 17/22
 11187 | D:9      | Killed a four-headed hydra
 11188 | D:9      | Reached skill level 10 in Earth Magic
 11214 | D:9      | Reached skill level 10 in Necromancy
 11323 | D:9      | Noticed a two-headed ogre
 11336 | D:9      | Killed a two-headed ogre
 11336 | D:9      | Noticed a centaur warrior
 11345 | D:9      | Killed a centaur warrior
 11346 | D:9      | Reached skill level 11 in Earth Magic
 11370 | D:9      | Got the Papyrus of Numb Direction
 11621 | D:9      | Killed an eight-headed hydra
 12087 | D:4      | Killed Toxa551's ghost
 12132 | D:4      | You fall into a shaft and drop 3 floors!
 12135 | D:7      | You fall into a shaft and drop 3 floors!
 12135 | D:10     | Entered Level 10 of the Dungeon
 12251 | D:10     | Found Lexkem's Book Shoppe.
 12355 | D:10     | Found a staircase to the Orcish Mines.
 12498 | D:10     | Noticed a two-headed ogre
 12498 | D:10     | Found a stormy altar of Qazlal.
 12506 | D:10     | Reached skill level 12 in Earth Magic
 12508 | D:10     | Killed a two-headed ogre
 12510 | D:10     | Reached **** piety under Kikubaaqudgha
 12510 | D:10     | Noticed a two-headed ogre
 12516 | D:10     | Found a shimmering blue altar of Sif Muna.
 12529 | D:10     | Killed a two-headed ogre
 12616 | D:10     | Reached XP level 13. HP: 90/91 MP: 17/24
 13007 | D:11     | Found a white marble altar of Elyvilon.
 13104 | D:11     | Noticed Erolcha
 13109 | D:11     | Killed Erolcha
 13158 | D:11     | Identified the +11 quarterstaff of the Special Tusks {pain,
                  | Dex+3}
 13228 | D:11     | Found a staircase to the Lair.
 13349 | D:11     | Reached skill level 10 in Spellcasting
 13735 | Orc:1    | Entered Level 1 of the Orcish Mines
 13760 | Orc:1    | Reached ***** piety under Kikubaaqudgha
 13944 | D:8      | Bought a scroll of magic mapping for 97 gold pieces
 14050 | Orc:1    | Noticed an ettin
 14066 | Orc:1    | Killed an ettin
 14366 | Orc:2    | Entered Level 2 of the Orcish Mines
 14468 | Orc:2    | Found a gate leading to a gauntlet.
 14601 | Gauntlet | Entered a Gauntlet
 14601 | Gauntlet | Found a transporter.
 14601 | Gauntlet | Found a transporter.
 14620 | Gauntlet | Found a transporter.
 14623 | Gauntlet | Found a transporter.
 14635 | Gauntlet | Found a transporter.
 14636 | Gauntlet | Found a transporter.
 14639 | Gauntlet | Noticed a balrug
 14643 | Gauntlet | Found a transporter.
 14660 | Gauntlet | Found a transporter.
 14661 | Gauntlet | Noticed a fire giant
 14662 | Gauntlet | Noticed a stone giant
 14662 | Gauntlet | a fire giant changed into a stone giant
 14669 | Gauntlet | Noticed a dire elephant
 14669 | Gauntlet | a stone giant changed into a dire elephant
 14670 | Gauntlet | Noticed a stone giant
 14670 | Gauntlet | a dire elephant changed into a stone giant
 14672 | Gauntlet | Noticed an azure jelly
 14672 | Gauntlet | a stone giant changed into an azure jelly
 14674 | Gauntlet | Found a transporter.
 14674 | Gauntlet | Noticed a frost giant
 14674 | Gauntlet | an azure jelly changed into a frost giant
 14678 | Gauntlet | Found a transporter.
 14678 | Gauntlet | Noticed a dire elephant
 14678 | Gauntlet | a frost giant changed into a dire elephant
 14681 | Gauntlet | a dire elephant changed into an iron troll
 14686 | Gauntlet | Found a transporter.
 14690 | Gauntlet | Found a transporter.
 14690 | Gauntlet | Found the +3 pair of seven-league boots {Rampage+∞}
 14759 | Gauntlet | Identified the +2 robe "Taiwuntatz" {Will+ Int+4}
 14847 | Gauntlet | Noticed a fire giant
 14853 | Gauntlet | Noticed a sphinx
 14853 | Gauntlet | a fire giant changed into a sphinx
 14856 | Gauntlet | a sphinx changed into an iron troll
 14857 | Gauntlet | Noticed an alligator snapping turtle
 14857 | Gauntlet | an iron troll changed into an alligator snapping turtle
 14863 | Gauntlet | Noticed a dire elephant
 14863 | Gauntlet | an alligator snapping turtle changed into a dire elephant
 14872 | Gauntlet | Noticed a sphinx
 14872 | Gauntlet | a dire elephant changed into a sphinx
 14877 | Gauntlet | Noticed a stone giant
 14877 | Gauntlet | a sphinx changed into a stone giant
 14889 | Gauntlet | Killed a balrug
 14890 | Gauntlet | Noticed a dire elephant
 14890 | Gauntlet | Noticed a frost giant
 14890 | Gauntlet | a dire elephant changed into a frost giant
 14894 | Gauntlet | Identified the +2 pair of boots of Pride {rPois Stlth+}
 14897 | Gauntlet | Noticed an eleionoma
 14897 | Gauntlet | a frost giant changed into an eleionoma
 14900 | Gauntlet | Noticed a dire elephant
 14900 | Gauntlet | an eleionoma changed into a dire elephant
 14901 | Gauntlet | Noticed an eleionoma
 14901 | Gauntlet | a dire elephant changed into an eleionoma
 14943 | Gauntlet | Noticed a fire giant
 14944 | Gauntlet | Noticed an alligator snapping turtle
 14944 | Gauntlet | a fire giant changed into an alligator snapping turtle
 14961 | Gauntlet | Noticed a minotaur
 14966 | Gauntlet | Killed a minotaur
 14974 | Gauntlet | Got the Directory of Putrid Graupel
 15104 | Orc:2    | Found a staircase to the Elven Halls.
 15173 | Orc:2    | Noticed an orc warlord
 15175 | Orc:2    | Reached XP level 14. HP: 99/99 MP: 25/30
 15276 | Orc:2    | Killed an orc warlord
 15278 | Orc:2    | Reached skill level 10 in Shields
 15311 | Orc:2    | Reached ****** piety under Kikubaaqudgha
 15334 | Orc:1    | Received a gift from Kikubaaqudgha
 15335 | Orc:1    | Fell from the grace of Kikubaaqudgha
 15425 | D:9      | Became a worshipper of Gozag Ym Sagoz the Greedy
 15792 | Orc:2    | Found Nyris's General Store.
 15793 | Orc:2    | Found Xeumod's Book Boutique.
 15795 | Orc:2    | Found Kiyck's Antique Armour Boutique.
 15795 | Orc:2    | Found Teop's Antique Weapon Shop.
 16025 | D:8      | Bought a masterwork cloak for 294 gold pieces
 16025 | D:8      | Identified the +1 cloak of Brilliance {rPois rN+ Dex+9}
                  | (You bought it in a shop on level 8 of the Dungeon)
 16235 | D:8      | Bought a scroll of torment for 123 gold pieces
 16235 | D:8      | Bought 2 scrolls of immolation for 104 gold pieces
 16235 | D:8      | Bought a scroll of fog for 52 gold pieces
 16357 | Orc:2    | Bought a scroll of poison for 48 gold pieces
 16453 | Lair:1   | Entered Level 1 of the Lair of Beasts
 16508 | Lair:1   | Reached skill level 5 in Dodging
 17714 | Lair:2   | Found a staircase to the Snake Pit.
 18102 | Lair:3   | Identified the +1 pair of boots "Icliphiyf" {rC+ Will+}
 18381 | Lair:3   | Found a staircase to the Shoals.
 18538 | Lair:3   | Reached XP level 15. HP: 111/111 MP: 22/31
 19352 | Lair:4   | Found a viscous altar of Jiyva.
 19352 | Lair:4   | Found a staircase to the Slime Pits.
 19631 | Lair:5   | Entered Level 5 of the Lair of Beasts
 20187 | Lair:5   | Reached skill level 10 in Armour
 20226 | Lair:5   | Reached skill level 10 in Fighting
 20763 | Lair:5   | Was forgiven by Kikubaaqudgha
 20965 | D:12     | Reached XP level 16. HP: 122/122 MP: 27/32
 21047 | D:12     | Noticed Lodul
 21055 | D:12     | Killed Lodul
 21888 | D:13     | Noticed Kirke
 22307 | D:13     | Found a runed translucent door.
 22463 | D:13     | Identified the +1 plate armour of the Blue Moon {rF+ rN++
                  | Int-4 Dex+4}
 22488 | D:13     | Found a gate to the Vaults.
 22688 | D:13     | Gained mutation: You are clumsy. (Dex -2) [a neqoxec]
 22749 | D:13     | Noticed a tentacled monstrosity
 22758 | D:13     | Killed a tentacled monstrosity
 23122 | D:12     | Killed Kirke
 23128 | D:13     | Lost mutation: Your spells are a little harder to cast, but
                  | a little more powerful. [potion of mutation]
 23128 | D:13     | Lost mutation: You occasionally shout uncontrollably at
                  | your foes. [potion of mutation]
 23128 | D:13     | Gained mutation: You are frail. (-10% HP) [potion of
                  | mutation]
 23129 | D:13     | Lost mutation: Your system is resistant to poisons. (rPois)
                  | [potion of mutation]
 23129 | D:13     | Lost mutation: You are frail. (-10% HP) [potion of
                  | mutation]
 23129 | D:13     | Lost mutation: You are partially covered in iridescent
                  | scales. (AC +2) [potion of mutation]
 23129 | D:13     | Gained mutation: Your spells are a little harder to cast,
                  | but a little more powerful. [potion of mutation]
 23129 | D:13     | Gained mutation: You occasionally shout uncontrollably at
                  | your foes. [potion of mutation]
 23129 | D:13     | Lost mutation: You are clumsy. (Dex -2) [potion of
                  | mutation]
 23129 | D:13     | Gained mutation: You are partially covered in iridescent
                  | scales. (AC +2) [potion of mutation]
 23301 | D:14     | Found a frozen archway.
 23313 | IceCv    | Entered an ice cave
 23351 | IceCv    | Reached skill level 15 in Shields
 23469 | IceCv    | Reached skill level 10 in Dodging
 23472 | IceCv    | Reached XP level 17. HP: 77/133 MP: 16/33
 24646 | D:15     | Entered Level 15 of the Dungeon
 25134 | D:15     | Reached skill level 15 in Dodging
 25147 | D:15     | Found a staircase to the Depths.
 25976 | Shoals:1 | Entered Level 1 of the Shoals
 26040 | Shoals:1 | Identified the +4 chain mail of Compression {rPois rCorr
                  | Str-2 Stlth+}
 26517 | Shoals:1 | Found a runed translucent door.
 26877 | Shoals:1 | Found a corrupted altar of Lugonu.
 27077 | Shoals:2 | Reached XP level 18. HP: 140/140 MP: 18/34
 27347 | Shoals:2 | Noticed a kraken
 27380 | Shoals:2 | Killed a kraken
 28205 | Shoals:3 | Noticed a kraken
 28265 | Shoals:3 | Killed a kraken
 28679 | Shoals:4 | Entered Level 4 of the Shoals
 28923 | Shoals:4 | Reached skill level 13 in Earth Magic
 29266 | Shoals:4 | Noticed Donald
 29296 | Shoals:4 | Killed Donald
 29521 | Shoals:4 | Identified the +7 whip "Faahilo" {vorpal, rElec rF+}
 29540 | Shoals:4 | Reached XP level 19. HP: 146/146 MP: 6/36
 29677 | Shoals:4 | Got a barnacled rune of Zot
 29735 | Shoals:4 | Reached skill level 14 in Earth Magic
 29760 | Shoals:4 | Identified the +6 whip "Otzev" {vorpal, rN+}
 30395 | Snake:1  | Entered Level 1 of the Snake Pit
 31216 | Snake:2  | Found Ehaogir's Assorted Antiques.
 31230 | Snake:2  | Bought a potion of mutation for 176 gold pieces
 31230 | Snake:2  | Bought a potion of mutation for 176 gold pieces
 31230 | Snake:2  | Bought 3 scrolls of immolation for 264 gold pieces
 31230 | Snake:2  | Lost mutation: You occasionally shout uncontrollably at
                  | your foes. [potion of mutation]
 31230 | Snake:2  | Lost mutation: Your spells are a little harder to cast, but
                  | a little more powerful. [potion of mutation]
 31230 | Snake:2  | Gained mutation: You are clumsy. (Dex -2) [potion of
                  | mutation]
 31230 | Snake:2  | Gained mutation: Your spells are a little harder to cast,
                  | but a little more powerful. [potion of mutation]
 31231 | Snake:2  | Lost mutation: You are clumsy. (Dex -2) [potion of
                  | mutation]
 31231 | Snake:2  | Lost mutation: You are partially covered in iridescent
                  | scales. (AC +2) [potion of mutation]
 31231 | Snake:2  | Lost mutation: Your flesh is cold resistant. (rC+) [potion
                  | of mutation]
 31231 | Snake:2  | Gained mutation: You expend magic power (3 MP) to
                  | strengthen your wands. [potion of mutation]
 31231 | Snake:2  | Gained mutation: Your natural rate of healing is unusually
                  | fast. [potion of mutation]
 31256 | Snake:2  | Reached skill level 15 in Earth Magic
 31937 | Snake:2  | Reached XP level 20. HP: 153/153 MP: 33/38
 31995 | Snake:2  | Found Wamouw's Jewellery Shoppe.
 32421 | Snake:3  | Reached skill level 16 in Earth Magic
 32708 | Snake:3  | Reached skill level 15 in Spellcasting
 32712 | Snake:3  | Reached skill level 15 in Necromancy
 33237 | Snake:4  | Entered Level 4 of the Snake Pit
 33330 | Snake:4  | Found a transporter.
 33330 | Snake:4  | Noticed Voland's ghost (adept TeHW)
 33336 | Snake:4  | Found a transporter.
 33685 | Snake:4  | Reached skill level 17 in Earth Magic
 33853 | Snake:4  | Got a serpentine rune of Zot
 34229 | Snake:4  | Killed Voland's ghost
 34237 | Snake:4  | Reached XP level 21. HP: 140/159 MP: 11/40
 34259 | Snake:4  | Identified the ring "Tiet" {rElec rF- Will+ AC+4 Dex+2}
 34267 | Snake:4  | Identified the +8 mace of Moral Flaws {drain, rF+ Will+
                  | Str+2}
 34543 | Vaults:1 | Entered Level 1 of the Vaults
 34580 | Vaults:1 | Reached skill level 18 in Earth Magic
 34634 | Vaults:1 | Identified a scroll of acquirement
 35188 | Vaults:1 | Reached skill level 19 in Earth Magic
 35244 | Vaults:1 | Noticed Zenata
 35256 | Vaults:1 | Killed Zenata
 35737 | Vaults:1 | You fall into a shaft and drop 1 floor!
 36167 | Vaults:2 | Reached skill level 20 in Earth Magic
 36167 | Vaults:2 | HP: 4/159 [ironbound thunderhulk/bolt of lightning (43)]
 36169 | Vaults:2 | Killed from afar by an ironbound thunderhulk

Illustrated notes

Levels and vault maps discovered:
D:1:      onia_arrival_handbag, layout_loops_cross,
          shapermc_ecumenical_altar_mp_vishouse
D:2:      layout_loops_corners, minmay_misc_feat_enclosed, uniq_natasha
D:3:      layout_loops_ring, minmay_curled_crystal, minivault_19,
          minmay_close_crescents, uniq_robin, uniq_ijyb
D:4:      layout_layer_cave, kennysheep_mini_moat,
          gammafunk_ghost_abyssal_escape, kennysheep_minor_cross,
          amcnicky_mini_pool_small
D:5:      layout_cave_pods, uniq_edmund, uniq_blork_the_orc
D:6:      layout_basic, mainiacjoe_overflow_six_doors_small,
          portal_sewer_entry_e
D:7:      layout_basic, mainiacjoe_overflow_boulevard, minmay_temple_entry_grid,
          david_defended_altar_orc
D:8:      layout_basic, serial_shops, shop_scrolls, shop, shop_statue
D:9:      nzn_winding_woodlands_large [nzn_winding_woodlands_5x5_three,
          nzn_winding_woodlands_5x15_split_checker,
          nzn_winding_woodlands_5x5_default,
          nzn_winding_woodlands_center_pierced_h,
          nzn_winding_woodlands_15x15_boxy_spiral,
          nzn_winding_woodlands_center_triple_pond,
          nzn_winding_woodlands_5x5_perimeter,
          nzn_winding_woodlands_5x15_crooked, nzn_winding_woodlands_5x5_cross],
          layout_loops_ring, grunt_temple_overflow_diamond, st_stairs_9,
          hellmonk_scale_shop, uniq_maurice
D:10:     layout_irregular_city, gammafunk_temple_overflow_statue, orc_0_dummy,
          serial_shops, nicolae_shop_crystal, serial_undead, serial_undead_f,
          serial_undead_d, serial_undead_b, serial_undead_e
D:11:     layout_loops_ring, due_lair_maze_entry_diamond, elyvilon_altar_4,
          uniq_erolcha
D:12:     minmay_inner_zag, layout_loops_ring, uniq_lodul
D:13:     cheibrodos_body_horror, layout_loops_ring, ximxim_vaults_locker_room,
          minmay_circle_x, uniq_kirke
D:14:     layout_basic, portal_ice_cave_entry_dragon
D:15:     grunt_enter_depths_magical_seal, layout_grid_maze,
          nicolae_figureground_sparkle
Temple:   minmay_temple_curvy_branch
Lair:1:   layout_hall_layers, infiniplex_staircase_pool_2, lemuel_fruit_tree
Lair:2:   layout_loops_ring, guppyfry_snake_entry_island, grunt_megastairs_1,
          serial_bayou_shore_a, serial_bayou_shore_b
Lair:3:   layout_gridlike, minmay_shoals_entry_hut
Lair:4:   layout_misc_corridors, slime_entry_1, beast_lair_carwin_9
Lair:5:   grunt_lair_end_beastmaster, layout_concentric_octagons,
          nicolae_lair_lil_pond
Shoals:1: layout_shoals, nicolae_shoals_abyss_on_the_beach
Shoals:2: layout_shoals
Shoals:3: layout_shoals
Shoals:4: shoals_end_grunt_garden, layout_shoals, uniq_donald
Snake:1:  layout_concentric_octagons, grunt_ministairs_11, drop_trap
Snake:2:  layout_concentric_octagons, special_room, serial_shops,
          nicolae_shop_waterfront, hangedman_snake_pattern,
          nicolae_stop_n_shop_1, st_stairs_4, drop_trap
Snake:3:  layout_basic, nicolae_snake_yet_another_twisty_hallway
Snake:4:  snake_pit, layout_cave_town, gammafunk_ghost_arena
Orc:1:    layout_caves
Orc:2:    st_orc_congregation, layout_caves, gauntlet_entry_generic
Vaults:1: hangedman_vaults_slice, v_misc_23, hangedman_vaults_stagger,
          nicolae_vaults_big_ls, ontoclasm_vaults_eye, vaults_mumra_hex,
          nicolae_vaults_yaktaur_gun_rack, layout_vaults_quadrants, uniq_zenata
Vaults:2: nicolae_vaults_gold_heap, hangedman_vaults_nails,
          nicolae_vaults_angled_halls, nicolae_vaults_twisting_passages,
          v_pattern_5, grunt_vaults_trifunnel, v_misc_5,
          vaults_room_fancy_cross, nicolae_vaults_mini_display_case, v_misc_15,
          layout_vaults_ring

Skill      XL: |  1  2  3  4  5  6  7  8  9 10 11 12 13 14 15 16 17 18 19 20 21 |
---------------+----------------------------------------------------------------+-----
Dodging        | 2 3 6 8 10 17 18 | 18.3
Armour         | 1 2 3 5 8 10 12 | 12.0
Fighting       | 1 2 3 5 8 10 12 | 12.0
Conjurations   | 4 5 6 |  6.0
Spellcasting   | 3 4 5 6 7 12 13 14 15 | 15.0
Earth Magic    | 2 5 9 12 13 15 17 20 | 20.0
Necromancy     | 1 7 9 12 13 14 16 18 | 18.0
Shields        | 9 11 13 15 | 15.0
Stealth        | |  2.4

Action                   |  1- 3 |  4- 6 |  7- 9 | 10-12 | 13-15 | 16-18 | 19-21 || total
-------------------------+-------+-------+-------+-------+-------+-------+-------++-------
Melee: Unarmed           |     6 |       |       |       |       |       |       ||     6
       Short sword       |     3 |       |       |       |       |       |       ||     3
       Dagger            |    14 |    27 |       |    59 |       |       |       ||   100
       Trident           |       |       |   102 |    90 |       |       |       ||   192
       Punch             |       |       |     1 |     3 |       |       |       ||     4
       Morningstar       |       |       |       |   150 |     3 |       |       ||   153
       Quarterstaff      |       |       |       |       |   427 |   436 |   342 ||  1205
       Scimitar          |       |       |       |       |    15 |       |       ||    15
       Mace              |       |       |       |       |       |       |   188 ||   188
 Fire: Sling             |       |    32 |    16 |       |       |     3 |       ||    51
       Arbalest          |       |       |       |     4 |    17 |       |       ||    21
       Hand crossbow     |       |       |       |       |       |    18 |       ||    18
       Shortbow          |       |       |       |       |       |       |     9 ||     9
 Cast: Magic Dart        |    47 |    48 |    20 |    10 |       |       |       ||   125
       Searing Ray       |     5 |    22 |    47 |    26 |       |       |       ||   100
       Stone Arrow       |       |       |    11 |    58 |    19 |    27 |       ||   115
       Sublimation of Bl |       |       |       |    51 |    52 |    87 |    72 ||   262
       Borgnjor's Vile C |       |       |       |    31 |   217 |   275 |   292 ||   815
       Dispel Undead     |       |       |       |     8 |     7 |     7 |     4 ||    26
       Vampiric Draining |       |       |       |     1 |       |     3 |       ||     4
Invok: Receive Forbidden |       |       |       |       |     1 |       |       ||     1
       Renounce Religion |       |       |       |       |     1 |       |       ||     1
 Abil: Shaft Self        |       |     1 |       |     2 |       |       |       ||     3
       Dig               |       |     1 |       |       |     1 |     1 |     4 ||     7
Evoke: Wand              |       |       |       |       |     2 |       |       ||     2
  Use: Scroll            |       |     3 |     2 |     8 |    17 |     5 |     2 ||    37
       Potion            |       |       |       |     2 |       |     2 |     2 ||     6
 Stab: Sleeping          |     2 |     2 |     1 |       |       |       |     1 ||     6
       Distracted        |       |       |       |       |     8 |     6 |    12 ||    26
       Petrified         |       |       |       |       |     1 |       |       ||     1
Armor: Robe              |     8 |     4 |       |       |       |       |       ||    12
       Animal skin       |       |     6 |    13 |       |       |       |       ||    19
       Troll leather arm |       |       |    40 |   156 |   144 |   125 |    77 ||   542
       Steam dragon scal |       |       |     2 |       |       |       |       ||     2
Dodge: Dodged            |    24 |    35 |   183 |   363 |   333 |   550 |   461 ||  1949
       Repelled          |       |       |     6 |     4 |     3 |       |       ||    13
Block: Kite shield       |       |       |       |    81 |   361 |   211 |       ||   653
       Tower shield      |       |       |       |       |       |   619 |  1076 ||  1695
       Reflection        |       |       |       |       |       |    31 |   150 ||   181
